 Dungeon Crawl Stone Soup version 0.27-a0-1140-g099f9bb0e8 (webtiles) character file.

Game seed: 12840689100523841894

37 Zeld the Skirmisher (level 3, -1/26 HPs)
             Began as an Octopode Fighter on May 9, 2021.
             Slain by a scorpion (6 damage)
             ... on level 4 of the Dungeon.
             The game lasted 00:01:29 (1270 turns).

Zeld the Skirmisher (Octopode Fighter)              Turns: 1270, Time: 00:01:30

Health: -1/26      AC:  1    Str: 16    XL:     3   Next: 39%
Magic:  3/3        EV: 11    Int: 10    God:
Gold:   67         SH:  8    Dex: 11    Spells: 2/2 levels left

rFire    . . .     SeeInvis .   a - +0 war axe
rCold    . . .     Faith    .   b - +0 kite shield
rNeg     . . .     Spirit   .   (helmet restricted)
rPois    .         Reflect  .   (no amulet)
rElec    .         Harm     .   (no ring)
rCorr    .         Rampage  .   (no ring)
Will     .....                  (no ring)
Stlth    ++........             (no ring)
HPRegen  0.08/turn              (no ring)
MPRegen  0.08/turn              (no ring)
                                (no ring)
                                (no ring)

@: no status effects
A: almost no armour, amphibious, 8 rings, camouflage 1, gelatinous body 1,
(nimble swimmer 1), tentacles
a: no special abilities


You were on level 4 of the Dungeon.
You visited 1 branch of the dungeon, and saw 3 of its levels.

You collected 67 gold pieces.

Inventory:

Hand Weapons
 a - a +0 war axe (weapon)
Armour
 b - a +0 kite shield (worn)
Scrolls
 d - 4 scrolls of identify {unknown}
 e - 2 scrolls of blinking {unknown}
 g - 2 scrolls of fog {unknown}
 h - a scroll of teleportation {unknown}
Potions
 c - a potion of might
 f - a potion of invisibility {unknown}
 i - a potion of resistance {unknown}


   Skills:
 + Level 3.3 Fighting
 * Level 3.0 Axes
 - Level 3.0 Dodging
 + Level 3.3 Shields


You had 2 spell levels left.
You didn't know any spells.
Your spell library was empty.

Dungeon Overview and Level Annotations

Branches:
Dungeon (2/15)

Altars:


Innate Abilities, Weirdness & Mutations

You cannot wear most types of armour.
You are amphibious.
You can wear up to eight rings at the same time.
Your skin changes colour to match your surroundings (Stealth+).
Your rubbery body absorbs attacks. (AC +1, EV +1)
((You are camouflaged near water. (Stealth+)))
You have tentacles for arms and can constrict up to eight enemies at once.


Message History

i - a fuming puce potion An adder comes into view.
An adder is nearby!
The helpless adder fails to defend itself.
You hit the adder. Your grab misses the adder.
The adder is heavily wounded.
You block the adder's attack. The adder bites you.
You are poisoned.
The adder poisons you!
You closely miss the adder. Your grab misses the adder.
The adder is heavily wounded.
You feel very sick. You block the adder's attack. x2
You slash the adder!
You kill the adder!
You feel sick.
Your Axes skill increases to level 3!
Unknown command.
No target in view!
You feel sick.
You feel sick.
You feel sick.
You are no longer poisoned.
A kobold comes into view. It is wielding a +0 club.
A kobold is nearby!
A kobold is nearby!
A scorpion comes into view.
The kobold shouts!
The kobold hits you with a +0 club.
You hit the kobold but do no damage. You grab the kobold.
You constrict the kobold. The kobold hits you with a +0 club.
You block the kobold's attack.
You release your grip on the kobold.
The kobold hits you with a +0 club.
You barely miss the kobold. Your grab misses the kobold.
The kobold is severely wounded.
You hit the scorpion. The scorpion stings you!
The kobold hits you with a +0 club.
* * * LOW HITPOINT WARNING * * *
The scorpion stings you.
You die...

#. ###..# .# .. ##.#
#.!.#...## #.#..# ###
#........# #..#.##
.....###..##..#...##+#
### ....
#....#.#..#..#.# ##.#
... #.##.....##.....
#... .. #..
##........#.## ##.. .
#.###..##.#####..###...
#. #.K@?..........#.)..
..#..s.....######......
.........#.## ######.
...##..###..# .. ...
#.. ... ## .. ... #.#
..## .. ...


You could see a scorpion and a kobold.

Vanquished Creatures
  An adder (D:4)
  A dart slug (D:1)
  3 ball pythons
  3 bats
  An endoplasm (D:2)
  2 goblins (D:1)
  A hobgoblin (D:1)
  A quokka (D:1)
  2 frilled lizards (D:2)
  5 kobolds
  4 rats
24 creatures vanquished.

Notes
Turn   | Place    | Note
-------+----------+-------------------------------------------
     0 | D:1      | Zeld the Octopode Fighter began the quest for the Orb.
     0 | D:1      | Reached XP level 1. HP: 16/16 MP: 1/1
   164 | D:1      | Reached XP level 2. HP: 17/21 MP: 2/2
   982 | D:2      | Reached XP level 3. HP: 25/26 MP: 3/3
  1054 | D:2      | You fall into a shaft and drop 2 floors!
  1266 | D:4      | Noticed a scorpion
  1270 | D:4      | Slain by a scorpion

Illustrated notes

Levels and vault maps discovered:
D:1:      evilmike_arrival_home_sweet_home, layout_basic
D:2:      layout_loops_ring
D:4:      layout_rooms, nicolae_overflow_hidden_temple, columned_hall_lemuel,
          chequers_serial_rivers_small_3, minmay_fractal_squares_gapless_5

Skill      XL: |  1  2  3 |
---------------+----------+-----
Axes           | 3 |  3.0
Fighting       | |  3.3
Dodging        | |  3.0
Shields        | |  3.3

Action                   || total
-------------------------++-------
Melee: War axe           ||    46
       Constrict         ||    12
       Tentacles         ||     6
 Stab: Sleeping          ||     6
Armor: Skin              ||     3
Dodge: Dodged            ||    26
Block: Kite shield       ||    17

Table legend: (Time is in decaauts)
 A = Elapsed time spent in this place.
 B = Non-inter-level travel time spent in this place.
 C = Inter-level travel time spent in this place.
 D = Time resting spent in this place.
 E = Time spent auto-exploring this place.
 F = Levels seen in this place.
 G = Mean time per level.
                   A        B        C        D        E       F      G
               +--------+--------+--------+--------+--------+-----+--------+
         Total |   1297 |   1294 |      3 |      0 |   1112 |   3 |  432.3 |
       Dungeon |   1297 |   1294 |      3 |      0 |   1112 |   3 |  432.3 |
               +--------+--------+--------+--------+--------+-----+--------+

Top non-repeatable levels by time:
     D:1: 698 daAuts
     D:2: 379 daAuts
     D:4: 220 daAuts
